 Dungeon Crawl Stone Soup version 0.31-a0-1074-g0b22e4e0f1 (webtiles) character file.

Game seed: 1261358338965078134

72 grandjackal the Slasher (level 4, -1/31 (35) HPs)
             Began as a Djinni Reaver on Dec 1, 2023.
             Slain by a goblin
             ... wielding a +0 club
             ... led by Robin
              (5 damage)
             ... on level 3 of the Dungeon.
             The game lasted 00:03:10 (1830 turns).

grandjackal the Slasher (Djinni Reaver)             Turns: 1830, Time: 00:03:10

HP:   -1/31 (35)    AC:  7    Str: 13    XL:     4   Next: 48%
Gold: 135           EV: 10    Int: 17    God:
                    SH:  0    Dex: 11

rFire   + + +        a - +0 falchion
rCold   . . .        (no shield)
rNeg    . . .        k - +1 ring mail of Mism {rPois rC+ MP-9 Str+2}
rPois   ∞            f - +0 helmet
rElec   .            (no cloak)
rCorr   .            (no gloves)
SInv    .            (boots unavailable)
Will    .....        (no amulet)
Stlth   +            e - ring of protection from fire
HPRegen 0.25/turn    (no ring)
MPRegen 0.00/turn

%: infuse magic (-2 HP)
@: flying, heavily drained
A: sickness immunity, fire resistance 2, cold vulnerability 1, float, innate
caster, HP casting, extra vitality 1
a: no special abilities


You were on level 3 of the Dungeon.
You visited 1 branch of the dungeon, and saw 3 of its levels.

You collected 135 gold pieces.

Inventory:

Hand Weapons
 a - a +0 falchion (weapon)
 i - a +0 short sword of holy wrath
Armour
 f - a +0 helmet (worn)
 k - the +1 ring mail of Mism (worn) {rPois rC+ MP-9 Str+2}
   (You found it on level 2 of the Dungeon)

   Str+2:     It affects your strength (+2).
   rC+:       It protects you from cold.
   rPois:     It protects you from poison MP-9: It affects your magic capacity
   (-9).
 m - a +0 kite shield
Jewellery
 e - a ring of protection from fire (left hand)
Scrolls
 d - a scroll of teleportation {unknown}
 g - 5 scrolls of identify {unknown}
 h - a scroll of enchant armour {unknown}
 o - a scroll of poison {unknown}
Potions
 b - a potion of cancellation {unknown}
 c - 2 potions of brilliance {unknown}
 j - a potion of resistance {unknown}
 l - a potion of curing {unknown}
 n - a potion of haste {unknown}


   Skills:
 + Level 3.0 Fighting
 + Level 3.4 Long Blades
 - Level 2.1 Dodging
 + Level 0.4 Shields
 + Level 3.2 Spellcasting
 + Level 3.2 Conjurations
 + Level 3.2 Hexes
 + Level 3.2 Summonings
 + Level 3.2 Necromancy
 + Level 3.2 Translocations
 + Level 3.2 Transmutations
 + Level 3.2 Fire Magic
 + Level 3.2 Ice Magic
 + Level 3.2 Air Magic
 + Level 3.2 Earth Magic
 + Level 3.2 Poison Magic


You knew the following spells:

 Your Spells              Type           Power      Damage    Failure   Level
a - Kiss of Death         Conj/Necr      52%        2d9       10%         1
b - Momentum Strike       Conj/Tloc      26%        3d8       16%         2
c - Hailstorm             Conj/Ice       13%        3d5       30%         3
d - Apportation           Tloc           26%        N/A       10%         1
Your spell library was empty.

Dungeon Overview and Level Annotations

Branches:
Dungeon (3/15)

Altars:
Hepliaklqana

Shops:
D:2 [(

Annotations:
D:2 1 runed translucent door, Crazy Yiuf
D:3 Robin


Innate Abilities, Weirdness & Mutations

You are immune to sickness and miasma.
You are immune to poison.
Your flesh is very heat resistant. (rF++)
You are vulnerable to cold. (rC-)
You float through the air rather than walking.
You learn spells naturally, not from books.
Your magical power is your life essence.
You have superior vitality. (+4 MHP)


Message History

You closely miss the goblin. The goblin hits you but does no damage.
The goblin hits you with a +0 dagger.
* * * LOW HITPOINT WARNING * * *
Casting: Kiss of Death (safe; 10% risk of failure)
Confirm with . or Enter, or press ? or * to list all spells.
Okay, then.
Casting: Kiss of Death (safe; 10% risk of failure)
Confirm with . or Enter, or press ? or * to list all spells.
Casting: Hailstorm (quite dangerous; 30% risk of failure)
Press: ? - help, Dir - look around, f - activate A cannonade of hail descends around you!
The hail pelts Robin!
Robin is heavily wounded.
The hail pelts the bat!
You kill the bat!
* * * LOW HITPOINT WARNING * * *
The goblin no longer looks unusually strong.
The goblin barely misses you. The goblin completely misses you.
Unknown command.
Unknown command.
Unknown command.
Unknown command.
Unknown command.
Unknown command.
You barely miss the goblin.
The goblin no longer looks unusually strong.
The goblin hits you but does no damage. The goblin closely misses you.
The goblin hits you but does no damage.
Robin roars a battlecry!
The goblins go into a battle-frenzy!
The goblin hits you but does no damage.
You closely miss the goblin.
A goblin comes into view. It is wielding a +0 dagger.
The goblin closely misses you. The goblin hits you with a +0 dagger.
* * * LOW HITPOINT WARNING * * *
Unknown command.
You hit the goblin.
The goblin is severely wounded.
The goblin hits you with a +0 club.
You die...

....# ##### ..#...##
....# ###.#. ##### .
. ######## # .. ..
.......# ##.
.......# #..
.......# #.# .
.......# #†#####....
.......## #gg@g...#
####....##
#g#####.... ####).##
#)# . #......# #g#
#......####g##
#........##..#######
#......#............
#......###.#..†.###
#......# #.#g.#.#


You could see Robin and 3 goblins.

Vanquished Creatures
  An adder (D:2)
  A dart slug (D:2)
  An orc (D:3)
  5 endoplasms
  3 giant cockroaches
  5 goblins
  12 hobgoblins
  3 quokkas
  6 ball pythons
  7 bats
  5 frilled lizards
  3 kobolds (D:1)
  2 rats (D:1)
54 creatures vanquished.

Notes
Turn   | Place    | Note
-------+----------+-------------------------------------------
     0 | D:1      | grandjackal the Djinni Reaver began the quest for the Orb.
     0 | D:1      | grandjackal set off with the following spells memorised:
                  | Kiss of Death, Momentum Strike, Hailstorm.
     0 | D:1      | Reached XP level 1. HP: 18/18 MP: 0/0
     0 | D:1      | Noticed a demonspawn
    10 | D:1      | Noticed a merfolk
    14 | D:1      | Noticed a human
    16 | D:1      | Noticed a felid
    18 | D:1      | Noticed a demonspawn zombie
    18 | D:1      | Noticed a minotaur skeleton
    20 | D:1      | Noticed a vampire
    82 | D:1      | Reached XP level 2. HP: 23/23 MP: 0/0
   264 | D:1      | Reached XP level 3. HP: 17/29 MP: 0/0
   264 | D:1      | Learned a level 1 spell: Apportation
   726 | D:2      | Found Dastecy's Antique Weapon Shoppe.
   831 | D:2      | Identified the +1 ring mail of Mism {rPois rC+ MP-9 Str+2}
   877 | D:2      | Found Cuoqut's Armour Emporium.
  1072 | D:2      | Found a runed translucent door.
  1073 | D:2      | Noticed Crazy Yiuf
  1285 | D:2      | Reached XP level 4. HP: 33/34 MP: 0/0
  1598 | D:3      | Found a hazy altar of Hepliaklqana.
  1811 | D:3      | Noticed Robin
  1830 | D:3      | Slain by a goblin

Illustrated notes

Levels and vault maps discovered:
D:1:      shiori_arrival_whats_in_store_for_you, layout_basic
D:2:      layout_basic, serial_shops, shop, shop, uniq_crazy_yiuf_cottage
D:3:      minmay_general_purpose_star, layout_basic, old_standard_altar,
          uniq_jessica, uniq_natasha, uniq_robin

Skill      XL: |  1  2  3  4 |
---------------+-------------+-----
Long Blades    | 3 |  3.4
Spellcasting   | 3 |  3.2
Conjurations   | 3 |  3.2
Hexes          | 3 |  3.2
Summonings     | 3 |  3.2
Necromancy     | 3 |  3.2
Translocations | 3 |  3.2
Transmutations | 3 |  3.2
Fire Magic     | 3 |  3.2
Ice Magic      | 3 |  3.2
Air Magic      | 3 |  3.2
Earth Magic    | 3 |  3.2
Poison Magic   | 3 |  3.2
Fighting       | 3 |  3.0
Dodging        | |  2.1
Shields        | |  0.4

Action                     |  1- 3 |  4- 6 || total
---------------------------+-------+-------++-------
  Melee: Falchion          |   143 |    55 ||   198
         Punch             |     4 |       ||     4
   Cast: Hailstorm         |       |     1 ||     1
         Kiss of Death     |       |     1 ||     1
 Armour: Leather armour    |    60 |       ||    60
         Ring mail         |    28 |    47 ||    75
  Dodge: Dodged            |   118 |    39 ||   157

Table legend: (Time is in decaauts)
 A = Elapsed time spent in this place.
 B = Non-inter-level travel time spent in this place.
 C = Inter-level travel time spent in this place.
 D = Time resting spent in this place.
 E = Time spent auto-exploring this place.
 F = Levels seen in this place.
 G = Mean time per level.
                   A        B        C        D        E       F      G
               +--------+--------+--------+--------+--------+-----+--------+
         Total |   1857 |   1721 |    136 |    159 |   1120 |   3 |  619.0 |
       Dungeon |   1857 |   1721 |    136 |    159 |   1120 |   3 |  619.0 |
               +--------+--------+--------+--------+--------+-----+--------+

Top non-repeatable levels by time:
     D:2: 955 daAuts
     D:1: 598 daAuts
     D:3: 304 daAuts
